AoeStats
← the shy

African Clearing

504723642Analyzed
4v4 RM · 27d ago on Sep 6, 2026· 47m 40s· 8 players
Game mode
Random Map
Map size
Large (8 player)
Population
200
Speed
Normal
Resources
Standard
Victory
Conquest
Starting age
Dark Age
Ending age
Imperial Age
RankedLock teamsTeams togetherTeam positionsShared explorationLock speedFull tech treeHidden civsTurbo modeCheats
Victory
Defeat
🇯🇵 Georgians · Japan
1394
+15
🇨🇳 Celts · China
1391
+15
🇨🇳 Sicilians · China
1380
+16
🇯🇵 Chinese · Japan
1359
+16
🇨🇳 Huns · China
1513
-21
🇬🇧 Mongols · United Kingdom
1374
-16
🇵🇱 Japanese · Poland
1318
-13
1284
-12
shi nong gong shang
3:02 Loom
13:15 Feudal Age
14:09 Double-Bit Axe
18:24 Wheelbarrow
20:25 Castle Age
22:19 Bow Saw
22:48 Husbandry
22:56 Fishing Lines
24:22 Horse Collar
25:35 Heavy Plow
25:48 Scale Barding Armor
26:42 Bloodlines
27:49 Forging
28:18 Gold Mining
30:44 Chain Barding Armor
30:59 Iron Casting
30:18 Stone Mining
31:03 Gold Shaft Mining
31:36 Stone Shaft Mining
39:42 Imperial Age
40:20 Fletching
40:31 Padded Archer Armor
40:00 Cavalier
42:06 Plate Barding Armor
43:37 Blast Furnace
44:22 Bodkin Arrow
44:43 Leather Archer Armor
46:20 Bracer
Monreson
4:02 Loom
10:45 Feudal Age
14:24 Fletching
16:47 Horse Collar
18:59 Padded Archer Armor
18:52 Double-Bit Axe
25:17 Castle Age
26:14 Heavy Plow
27:04 Bodkin Arrow
26:33 Crossbowman
33:09 Bodkin Arrow
34:48 Ballistics
41:23 Bow Saw
war-f
6:02 Loom
12:36 Feudal Age
18:02 Castle Age
16:42 Double-Bit Axe
19:13 Fletching
30:42 Town Watch
34:06 Guard Tower
35:54 Ballistics
37:27 Bodkin Arrow
42:02 Horse Collar
44:54 Wheelbarrow
46:59 Bow Saw
46:40 Gold Mining
野象
10:08 Loom
12:19 Feudal Age
16:11 Castle Age
17:24 Double-Bit Axe
17:56 Town Watch
18:51 Wheelbarrow
21:08 Bow Saw
21:30 Horse Collar
23:03 Heavy Plow
37:50 Imperial Age
37:57 Heavy Scorpion
38:00 Capped Ram
41:04 Furor Celtica
41:56 Chemistry
44:32 Ballistics
45:11 Pikeman
46:08 Halberdier
47:16 Conscription
47:32 Scale Mail Armor
47:42 Forging
GoodFunHaveLuck
13:53 Feudal Age
18:00 Castle Age
17:02 Loom
17:19 Double-Bit Axe
28:02 Scale Mail Armor
32:32 Horse Collar
40:57 Imperial Age
48:08 Conscription
rizz
4:26 Loom
11:59 Feudal Age
19:55 Castle Age
26:10 Scale Barding Armor
29:25 Husbandry
29:19 Town Watch
30:06 Bloodlines
31:24 Double-Bit Axe
32:20 Fletching
34:22 Chain Barding Armor
35:56 Wheelbarrow
35:19 Horse Collar
40:12 Imperial Age
38:40 Gold Mining
39:54 Forging
40:46 Bodkin Arrow
40:36 Elite Steppe Lancer
43:12 Iron Casting
45:35 Blast Furnace
46:05 Hand Cart
the shy
11:11 Loom
14:00 Feudal Age
17:52 Castle Age
15:43 Double-Bit Axe
16:29 Fletching
16:34 Gold Mining
18:29 Bodkin Arrow
18:49 Bow Saw
19:30 Husbandry
25:23 Horse Collar
28:16 Wheelbarrow
30:30 Hand Cart
30:25 Heavy Plow
34:48 Padded Archer Armor
35:02 Bloodlines
38:18 Imperial Age
36:13 Ballistics
38:02 Leather Archer Armor
38:05 Town Watch
39:23 Conscription
38:25 Heavy Cavalry Archer
40:19 Chemistry
39:45 Scale Barding Armor
40:21 Marauders
40:42 Bracer
41:50 Bracer
42:27 Forging
44:11 Chain Barding Armor
求求了让老头吃你一分
11:16 Double-Bit Axe
13:19 Feudal Age
15:26 Loom
19:34 Scale Barding Armor
23:20 Horse Collar
27:15 Forging
27:52 Heavy Plow
32:04 Castle Age
32:07 Cavalier
32:48 Husbandry
33:12 Chain Barding Armor
32:46 Gold Mining
34:36 Gold Shaft Mining
35:43 Iron Casting
37:32 Wheelbarrow
37:43 Bow Saw
Connection lost

Rejoining the realm…

Still unreachable

The connection could not be restored.

Session expired

The server has moved on; the page needs a fresh start.